 Dungeon Crawl Stone Soup version 0.29.1-15-g9cfb28693d (webtiles) character file.

Game seed: 17383421312968514371

512 growler the Insei (level 7, -2/48 HPs)
             Began as a Merfolk Transmuter on Mar 10, 2023.
             Killed from afar by an orc wizard (9 damage)
             ... with a puff of flame
             ... on level 5 of the Dungeon.
             The game lasted 00:11:00 (5612 turns).

growler the Insei (Merfolk Transmuter)              Turns: 5612, Time: 00:11:00

Health: -2/48      AC:  2    Str: 11    XL:     7   Next: 19%
Magic:  6/11       EV: 20    Int: 14    God:
Gold:   240        SH:  0    Dex: 19    Spells: 2/12 levels left

rFire   . . .      SeeInvis +     - Unarmed
rCold   . . .      Faith    .   (shield currently unavailable)
rNeg    . . .      Spirit   .   (body armour currently unavailable)
rPois   x          Reflect  .   (helmet currently unavailable)
rElec   .          Harm     .   (cloak currently unavailable)
rCorr   +          Rampage  .   (gloves currently unavailable)
Will    .....                   (boots currently unavailable)
Stlth   ++........              (no amulet)
HPRegen 0.16/turn               y - ring of see invisible
MPRegen 0.12/turn               h - ring of resist corrosion

@: spider-form (expiring), wereblooded (expiring)
A: venomous fangs, tiny, (nimble swimmer 2), (mertail)
a: End Transformation


You were on level 5 of the Dungeon.
You were a venomous arachnid creature.
You visited 1 branch of the dungeon, and saw 5 of its levels.

You collected 240 gold pieces.

Inventory:

Hand Weapons
 p - a +3 sling
Missiles
 r - 15 poisoned darts
 A - a throwing net
Armour
 a - a +0 robe (melded)
 g - a +0 pair of boots (melded)
 l - a +0 pair of gloves (melded)
 s - a +0 cloak of stealth (melded)
Jewellery
 h - a ring of resist corrosion (right front leg)
 y - a ring of see invisible (left front leg)
Scrolls
 j - 2 scrolls of noise {unknown}
 k - a scroll of fear {unknown}
 m - 2 scrolls of identify {unknown}
 t - a scroll of butterflies {unknown}
 u - a scroll of torment {unknown}
 v - 2 scrolls of enchant armour {unknown}
 w - a scroll of brand weapon {unknown}
 x - a scroll of vulnerability {unknown}
 z - a scroll of teleportation {unknown}
Potions
 b - 2 potions of lignification
 c - a potion of curing {unknown}
 d - 2 potions of might {unknown}
 e - a potion of attraction {unknown}
 f - a potion of berserk rage {unknown}
 i - a potion of mutation {unknown}
 n - a potion of degeneration {unknown}
 o - 2 potions of invisibility {unknown}
 B - a potion of resistance {unknown}


   Skills:
 - Level 1.1 Fighting
 - Level 2.6 Dodging
 + Level 7.9 Unarmed Combat
 - Level 3.0 Spellcasting
 - Level 4.0 Transmutations


You had 2 spell levels left.
You knew the following spells:

 Your Spells              Type           Power      Damage    Failure   Level
a - Beastly Appendage     Tmut           26%        N/A       13%         1
b - Wereblood             Tmut           13%        N/A       17%         2
c - Spider Form           Tmut/Pois      7%         N/A       50%         3
d - Ice Form              Ice/Tmut       7%         N/A       85%         4

Your spell library contained the following spells:

 Spells                   Type           Power      Damage    Failure   Level
 Magic Dart               Conj           8%         1d3       43%         1
 Searing Ray              Conj           4%         2d4       54%         2
 Portal Projectile        Hex/Tloc       4%         N/A       75%         3
 Tukima's Dance           Hex            2%         N/A       75%         3
 Blade Hands              Tmut           6%         N/A       89%         5
 Fulminant Prism          Conj/Hex       1%         3d6       98%         4


Dungeon Overview and Level Annotations

Branches:
Dungeon (5/15)
 Temple: D:4-7

Altars:
Fedhas
Ru


Innate Abilities, Weirdness & Mutations

You are a venomous arachnid creature.
You have poisonous fangs.
You are tiny and dextrous.
Your spellcasting is less reliable in this form.
Your armour is entirely melded.
You are incapable of wielding weapons or throwing items.
((You are very nimble when in or above water. (Stealth+, EV+, Speed+++)))
((Your lower body shifts to a powerful aquatic tail in water.))


Message History

You kill the orc wizard!
The orc misses you.
The orc priest invokes the aid of Beogh against you.
Beogh smites you!
* * * LOW HITPOINT WARNING * * *
The orc wizard hits you with a +0 dagger.
* * * LOW HITPOINT WARNING * * *
The orc priest looks satisfied for a moment.
You hit the orc.
You feel a bit better.
You kill the orc!
You closely miss the orc wizard. The orc wizard completely misses you.
You closely miss the orc wizard. The orc wizard closely misses you.
You completely miss the orc.
Your transformation is almost over.
Your primal bloodlust is almost over.
The orc priest looks satisfied for a moment.
The orc misses you.
You bite the orc priest!
The orc priest is almost dead.
The orc wizard hits you with a +0 dagger.
* * * LOW HITPOINT WARNING * * *
The orc misses you.
The orc priest looks encouraged for a moment.
The orc hits you with a +0 hand axe.
* * * LOW HITPOINT WARNING * * *
You bite the orc priest!
You feel a bit better.
You kill the orc priest!
The orc closely misses you. The orc completely misses you.
The orc wizard hits you but does no damage.
You barely miss the orc priest. The orc completely misses you.
The orc closely misses you.
The orc priest miscasts a cantrip.
The orc wizard barely misses you.
You bite the orc priest!
The orc priest is poisoned.
The orc priest is severely wounded.
You bite the orc priest!
You feel a bit better.
You kill the orc priest!
The orc completely misses you.
The orc wizard gestures at you while chanting.
The puff of flame hits you!
You die...

##.#### # . #..... ..
.. #....# ... ...
#....######.... ....
#........)).... ....
#.............. ..
#..######.##########..
..##..o.o.##.# .
.......#s....#
.......)o....#
..##..###.##.# .
#..###)##+# #..)...)#
#.......# #......<#
#..###### ###


You could see an orc wizard (invisible) and 2 orcs.

Vanquished Creatures
  An ogre (D:5)
  Blork the orc (D:4)
  2 orc priests (D:5)
  A jelly (D:5)
  Crazy Yiuf (D:2)
  A gnoll bouda (D:5)
  2 orc wizards
  5 gnolls
  5 adders
  A shadow imp (D:5)
  An ufetubus (D:4)
  2 worms
  2 dart slugs
  13 orcs
  6 endoplasms
  3 giant cockroaches
  5 goblins
  A hobgoblin (D:4)
  4 kobolds
  3 quokkas
  6 ball pythons
  6 bats
  2 frilled lizards
  3 rats
77 creatures vanquished.

Notes
Turn   | Place    | Note
-------+----------+-------------------------------------------
     0 | D:1      | growler the Merfolk Transmuter began the quest for the Orb.
     0 | D:1      | Reached XP level 1. HP: 15/15 MP: 3/3
   518 | D:1      | Reached XP level 2. HP: 21/21 MP: 3/5
   708 | D:1      | Found a faded altar of an unknown god.
  1021 | D:1      | Learned a level 2 spell: Wereblood
  1326 | D:2      | Reached XP level 3. HP: 13/26 MP: 4/6
  1330 | D:2      | Learned a level 3 spell: Spider Form
  1905 | D:2      | Found a blossoming altar of Fedhas.
  2076 | D:2      | Found a runed translucent door.
  2077 | D:2      | Noticed Crazy Yiuf
  2760 | D:2      | Killed Crazy Yiuf
  2761 | D:2      | Reached skill level 4 in Unarmed Combat
  2761 | D:2      | Reached XP level 4. HP: 32/32 MP: 3/8
  2971 | D:3      | Reached XP level 5. HP: 37/37 MP: 4/9
  3056 | D:3      | Learned a level 4 spell: Ice Form
  3223 | D:3      | Reached skill level 5 in Unarmed Combat
  3356 | D:3      | Found a sacrificial altar of Ru.
  3849 | D:4      | Noticed Blork the orc
  3864 | D:4      | Killed Blork the orc
  3865 | D:4      | Reached skill level 6 in Unarmed Combat
  3865 | D:4      | Reached XP level 6. HP: 21/43 MP: 8/10
  4808 | D:5      | Entered Level 5 of the Dungeon
  4823 | D:5      | Reached skill level 7 in Unarmed Combat
  4897 | D:4      | HP: 2/43 [gnoll/+1 flail of protection[a gnoll bouda] (9)]
  5488 | D:5      | Reached XP level 7. HP: 36/48 MP: 8/11
  5612 | D:5      | Killed from afar by an orc wizard

Illustrated notes

Levels and vault maps discovered:
D:1:      evilmike_arrival_plus, layout_basic,
          hellmonk_ecumenical_altar_slurped_away
D:2:      wander_river, layout_basic, basic_altar, uniq_crazy_yiuf_cottage
D:3:      layout_rooms, mainiacjoe_overflow_catwalk
D:4:      layout_cave_pods, serial_rivers, chequers_serial_rivers_small_3,
          chequers_serial_rivers_small_b, chequers_serial_rivers_large_a,
          chequers_serial_rivers_micro_a, hangedman_decor_opposing,
          uniq_blork_the_orc
D:5:      layout_gridville, nicolae_wu_jian_wuxing_cycle, amcnicky_altar_gilded,
          minmay_temple_entry_wispy, portal_sewer_entry_a

Skill      XL: |  1  2  3  4  5  6 |
---------------+-------------------+-----
Transmutations | 3 4 |  4.0
Unarmed Combat | 4 6 7 |  7.9
Spellcasting   | 3 |  3.0
Fighting       | |  1.1
Dodging        | |  2.6

Action                   |  1- 3 |  4- 6 |  7- 9 || total
-------------------------+-------+-------+-------++-------
Melee: Unarmed           |    87 |   157 |    18 ||   262
       Punch             |     3 |     4 |       ||     7
       Headbutt          |    10 |     9 |       ||    19
       Tailslap          |       |     1 |       ||     1
 Cast: Beastly Appendage |    14 |    10 |       ||    24
       Spider Form       |     1 |     6 |     2 ||     9
       Wereblood         |       |     3 |     1 ||     4
  Use: Potion            |       |     1 |       ||     1
 Stab: Sleeping          |       |     2 |       ||     2
Armor: Robe              |    21 |    38 |       ||    59
       Skin              |       |     1 |     2 ||     3
Dodge: Dodged            |    55 |   126 |    17 ||   198
